 Dungeon Crawl Stone Soup version 0.26-a0-651-gb41185065b (webtiles) character file.

Game seed: 8224289682758447708

430638 Asymodius the Minotaur Blade (level 22, -25/238 HPs)
             Began as a Minotaur Fighter on Oct 30, 2020.
             Was a High Priest of Okawaru.
             Killed from afar by a deep elf annihilator (83 damage)
             ... with a crystal spear
             ... on level 3 of the Elven Halls.
             The game lasted 03:53:35 (35333 turns).

Asymodius the Minotaur Blade (Minotaur Fighter)    Turns: 35333, Time: 03:53:36

Health: -25/238    AC: 37    Str: 26    XL:     22   Next: 83%
Magic:  23/26      EV: 23    Int:  9    God:    Okawaru [*****.]
Gold:   4439       SH:  0    Dex: 24    Spells: 21/21 levels left

rFire    + + +     SeeInvis .   b - +11 plutonium sword {*Contam Stlth-}
rCold    . . .     Faith    +   (shield currently unavailable)
rNeg     . . .     Spirit   .   a - +10 plate armour of the Catamount {+Fly rPois Dex+7}
rPois    +         Reflect  .   H - +2 hat {MR+}
rElec    +         Harm     .   j - scarf {repulsion}
rCorr    +         Rampage  .   p - +0 pair of gloves of Vehumet's Generosity {*Contam rElec rF+ Int+4}
MR       +++..                  U - +1 pair of boots of the Doldrums {Regen+ Str+2 Stlth+}
Stlth    ..........             O - amulet "Geheshan" {Faith rF++}
HPRegen  0.89/turn              y - ring of Vow Zug {rElec MR+ Slay+2 Stlth+}
MPRegen  0.20/turn              L - ring of resist corrosion

@: repel missiles
A: retaliatory headbutt, horns 2, icy blue scales 1, fire resistance 1, mutation
resistance 1, robust 1
}: 2/15 runes: barnacled, silver
a: Heroism, Finesse, Renounce Religion, Evoke Flight


You were on level 3 of the Elven Halls.
You worshipped Okawaru.
Okawaru was extremely pleased with you.
You visited 8 branches of the dungeon, and saw 37 of its levels.
You visited the Abyss 1 time.
You visited 1 bazaar.
You also visited: Bailey and Ice Cave.

You collected 7271 gold pieces.
You spent 2832 gold pieces at shops.

Inventory:

Hand Weapons
 b - the +11 plutonium sword (weapon) {*Contam Stlth-}
   (You found it on level 4 of the Vaults)

   It causes magical contamination when unequipped.
   It makes you less stealthy.
 P - the +4 short sword of Fogucutt {flame, +Inv rC- MR++ Int+8}
   (You found it on level 12 of the Dungeon)

   It has been specially enchanted to burn those struck by it, causing extra
   injury to most foes and up to half again as much damage against particularly
   susceptible opponents.
   It affects your intelligence (+8).
   It makes you vulnerable to cold.
   It affects your resistance to hostile enchantments.
   It lets you turn invisible.
 R - a +7 double sword of distortion
 Y - a +9 great sword of flaming
Missiles
 M - 115 boomerangs (quivered)
Armour
 a - the +10 plate armour of the Catamount (worn) {+Fly rPois Dex+7}
   (Okawaru gifted it to you on level 5 of the Vaults)

   It affects your dexterity (+7).
   It protects you from poison.
   It lets you fly.
 f - a +0 pair of boots of running
 g - the +3 pair of gauntlets of War {Slay+5}
   (You found it on level 14 of the Dungeon)

   It affects your accuracy and damage with ranged weapons and melee attacks
   (+5).
 j - a scarf of repulsion (worn)
 o - a +1 pair of gloves of archery
 p - the +0 pair of gloves of Vehumet's Generosity (worn) {*Contam rElec rF+ Int+4}
   (You found it on level 14 of the Dungeon)

   It affects your intelligence (+4).
   It protects you from fire.
   It insulates you from electricity.
   It causes magical contamination when unequipped.
 H - a +2 hat of magic resistance (worn)
 U - the +1 pair of boots of the Doldrums (worn) {Regen+ Str+2 Stlth+}
   (Okawaru gifted it to you on level 9 of the Dungeon)

   It affects your strength (+2).
   It increases your rate of regeneration.
   It makes you more stealthy.
Jewellery
 y - the ring of Vow Zug (left hand) {rElec MR+ Slay+2 Stlth+}
   (You took it off a vault sentinel on level 5 of the Vaults)

   [ring of stealth]

   It affects your accuracy and damage with ranged weapons and melee attacks
   (+2).
   It insulates you from electricity.
   It affects your resistance to hostile enchantments.
   It makes you more stealthy.
 F - a +6 ring of dexterity
 K - an uncursed ring of see invisible
 L - a ring of resist corrosion (right hand)
 O - the amulet "Geheshan" (around neck) {Faith rF++}
   (You took it off a vault warden on level 5 of the Vaults)

   [amulet of faith]

   It allows you to gain divine favour quickly.
   It greatly protects you from fire.
Wands
 r - a wand of disintegration (58)
 v - a wand of acid (70)
 w - a wand of paralysis (48)
 C - a wand of iceblast (50)
 J - a wand of flame (31)
 S - a wand of enslavement (9)
 W - a wand of digging (18)
Scrolls
 i - 23 scrolls of teleportation
 k - 3 scrolls of fog
 m - a scroll of brand weapon
 n - 3 scrolls of silence
 A - 3 scrolls of magic mapping
 B - 3 scrolls of enchant weapon
 T - 6 scrolls of fear
 X - 3 scrolls of blinking
 Z - 17 scrolls of remove curse
Potions
 c - 3 potions of mutation
 d - 2 potions of might
 h - a potion of resistance
 l - 12 potions of curing
 q - 3 potions of berserk rage
 s - 3 potions of haste
 t - 3 potions of cancellation
 u - 8 potions of ambrosia
 D - 2 potions of invisibility
 E - 3 potions of stabbing
 G - 7 potions of flight
 N - 2 potions of heal wounds
Miscellaneous
 e - a phantom mirror
 z - a lightning rod (4/4)


   Skills:
 + Level 22.5 Fighting
 + Level 26.4 Long Blades
 + Level 6.8 Throwing
 * Level 19.4 Armour
 * Level 18.6 Dodging
 + Level 5.9 Stealth
   Level 3.6 Shields
 + Level 7.3 Invocations
 + Level 3.0 Evocations


You had 21 spell levels left.
You didn't know any spells.
Your spell library contained the following spells:

 Spells                   Type           Power        Failure   Level
 Animate Skeleton         Necr           #.....       91%         1
 Apportation              Tloc           #.....       91%         1
 Corona                   Hex            #......      91%         1
 Foxfire                  Conj/Fire      #...         91%         1
 Pain                     Necr           #...         91%         1
 Summon Small Mammal      Summ           #...         91%         1
 Call Imp                 Summ           #.......     97%         2
 Ensorcelled Hibernation  Hex/Ice        #.....       97%         2
 Searing Ray              Conj           #.....       97%         2
 Slow                     Hex            #.......     97%         2
 Call Canine Familiar     Summ           #.......     99%         3
 Confusing Touch          Hex            #.......     99%         3
 Conjure Flame            Conj/Fire      #.......     99%         3
 Frozen Ramparts          Ice            #.....       99%         3
 Gell's Gravitas          Tloc           #.........   99%         3
 Inner Flame              Hex/Fire       #.......     99%         3
 Portal Projectile        Hex/Tloc       #.....       99%         3
 Summon Guardian Golem    Hex/Summ       #.......     99%         3
 Vampiric Draining        Necr           #.........   99%         3
 Animate Dead             Necr           #.........   100%        4
 Cause Fear               Hex            #.........   100%        4
 Fulminant Prism          Conj/Hex       #.........   100%        4
 Ice Form                 Ice/Tmut       #.......     100%        4
 Leda's Liquefaction      Hex/Erth       #.........   100%        4
 Petrify                  Tmut/Erth      #.......     100%        4
 Summon Ice Beast         Ice/Summ       #.......     100%        4
 Summon Lightning Spire   Summ/Air       #.......     100%        4
 Agony                    Necr           #.......     100%        5
 Bolt of Magma            Conj/Fire/Erth #.........   100%        5
 Fireball                 Conj/Fire      #.........   100%        5
 Iskenderun's Battlesphe  Conj           #.......     100%        5
 Metabolic Englaciation   Hex/Ice        #.........   100%        5
 Summon Demon             Summ           #.........   100%        5
 Summon Forest            Summ/Tloc      #.........   100%        5
 Yara's Violent Unravell  Hex/Tmut       #.........   100%        5
 Freezing Cloud           Conj/Ice/Air   #.........   100%        6
 Iron Shot                Conj/Erth      #.........   100%        6
 Ozocubu's Refrigeration  Ice            #.........   100%        6
 Simulacrum               Ice/Necr       #.........   100%        6
 Statue Form              Tmut/Erth      #........    100%        6
 Dragon Form              Tmut           #.........   100%        7
 Malign Gateway           Summ/Tloc      #.........   100%        7
 Monstrous Menagerie      Summ           #.........   100%        7
 Orb of Destruction       Conj           #.........   100%        7
 Spellforged Servitor     Conj/Summ      #.........   100%        7
 Summon Greater Demon     Summ           #.........   100%        7
 Chain Lightning          Conj/Air       #.........   100%        8
 Lehudib's Crystal Spear  Conj/Erth      #.........   100%        8
 Summon Horrible Things   Summ           #.........   100%        8
 Absolute Zero            Ice            #.........   100%        9
 Dragon's Call            Summ           #.........   100%        9
 Fire Storm               Conj/Fire      #.........   100%        9
 Shatter                  Erth           #.........   100%        9


Dungeon Overview and Level Annotations

Branches:
Dungeon (15/15)            Temple (1/1) D:4            Lair (6/6) D:11
 Shoals (4/4) Lair:3        Snake (0/4) Lair:2        Slime (1/5) Lair:6
    Orc (2/2) D:12            Elf (3/3) Orc:2        Vaults (5/5) D:14
  Crypt (0/3) Vaults:3     Depths (0/5) D:15         Bailey (visited)
  IceCv (visited)

Altars:
Ashenzari
Cheibriados
Dithmenos
Elyvilon
Fedhas
Gozag
Hepliaklqana
Kikubaaqudgha
Makhleb
Nemelex Xobeh
Okawaru
Qazlal
Ru
Sif Muna
Trog
Uskayaw
Vehumet
Wu Jian
Xom
Yredelemnul
Zin
The Shining One
Beogh

Shops:
D:4 *   D:5 *}}:?   D:13 (   D:15 *   Orc:2 *=!=(   Elf:2 (   Shoals:2 !
Vaults:1 }(   Vaults:3 ((   Vaults:4 }

Annotations:
Elf:2 1 runed translucent door


Innate Abilities, Weirdness & Mutations

You reflexively headbutt those who attack you in melee.
You have a pair of horns on your head.
You are partially covered in icy blue scales. (AC +2)
Your flesh is heat resistant. (rF+)
You are somewhat resistant to further mutation.
You are robust. (+10% HP)


Message History

The deep elf annihilator blinks!
The small abomination closely misses you.
You riposte.
You slice the small abomination!!
You destroy the small abomination!
Okawaru accepts your kill.
The deep elf master archer shoots an arrow.
The arrow completely misses you.
The arrow hits the small abomination!!
You open the deep elf master archer like a pillowcase!!!
You headbutt the deep elf master archer!
The deep elf master archer is severely wounded.
You hear a shout!
The deep elf master archer shoots an arrow.
The arrow hits you!
* * * LOW HITPOINT WARNING * * *
You carve the deep elf master archer like a ham!!!
You kill the deep elf master archer!
Okawaru accepts your kill.
The deep elf annihilator casts a spell at you.
The crystal spear hits you!!!!
You die...

..# #)# .##
#(# ##
##)#### #
#..(..#
##.....#
#§..(.§#
#..#(#.#
####x###
##)@)).##
###.......###
#....§......#
#..e........#
#...........#
#...........#
#...........#
#...........#
###.......###


You could see a deep elf annihilator (empowered) and a small abomination.

Vanquished Creatures
  An ancient lich (Vaults:5)
  Mara (Vaults:4)
  Sojobo (Vaults:4)
  Boris (Vaults:4)
  Bai Suzhen (Vaults:5)
  Margery (Vaults:3)
  Frederick (Vaults:5)
  Rupert (D:13)
  2 tentacled monstrosities
  2 liches (Vaults:1)
  3 titans (Vaults:5)
  2 deep elf master archers (Elf:3)
  3 quicksilver dragons (Vaults:5)
  A kraken (Shoals:4)
  Gastronok (Lair:3)
  2 sphinxes (Vaults:5)
  A tentacled starspawn (Abyss:2)
  6 tengu reavers
  Agnes (D:14)
  6 shadow dragons (Vaults:5)
  4 storm dragons
  2 azure jellies (Slime:1)
  5 fire giants
  6 frost giants
  12 vault wardens
  3 orc warlords
  The ghost of p0werm0de the Fighter, a journeyman NaFi of Okawaru (D:14)
  A balrug (Abyss:2)
  4 deep elf elementalists
  9 deep elf sorcerers
  A ghost moth (Elf:3)
  Aizul (Shoals:2)
  8 very ugly things
  2 war gargoyles (Vaults:5)
  The ghost of p0werm0de the Fighter, a journeyman NaFi of Okawaru (D:14)
  16 ironheart preservers
  An entropy weaver (shapeshifter) (D:14)
  Nessos (Lair:4)
  2 entropy weavers
  A black draconian (Abyss:2)
  6 deep elf demonologists
  15 stone giants
  4 deep elf annihilators
  5 ettins
  The ghost of Totusom the Carver, a journeyman MiFi of Yredelemnul (D:14)
  The ghost of Totusom the Carver, a journeyman MiFi of Yredelemnul (D:14)
  The ghost of Asymodius the Fencer, a journeyman MiFi of Okawaru (D:14)
  An eidolon (Vaults:3)
  4 merfolk impalers
  5 merfolk javelineers
  A death ooze (Slime:1)
  3 fire dragons
  Erolcha (D:9)
  7 deep elf high priests
  2 rakshasas
  16 yaktaur captains
  8 ice dragons
  12 hydras
  35 vault guards
  3 great orbs of eyes
  An alligator snapping turtle (Shoals:3)
  2 merfolk avatars
  17 ogre magi
  3 deep troll shamans
  A death knight (Vaults:3)
  8 centaur warriors
  48 two-headed ogres
  3 satyrs
  24 dancing weapons
  4 merfolk aquamancers (Shoals:4)
  3 deep troll earth magi
  A hell hog (Abyss:2)
  Urug (Orc:2)
  A vampire mage (Vaults:3)
  A shock serpent (shapeshifter) (Vaults:2)
  Sonja (Lair:2)
  14 deep elf knights
  An iron troll (D:14)
  A sun demon (Abyss:2)
  5 skeletal warriors (Vaults:1)
  5 hell knights (Vaults:3)
  9 sea snakes
  A wretched star (Abyss:2)
  2 shadow wraiths
  A sixfirhy (Abyss:2)
  2 unseen horrors
  A flayed ghost (Vaults:5)
  2 sea snakes (shapeshifter)
  8 deep trolls
  18 ironbrand convokers
  2 glowing orange brains
  2 wizards
  17 deep elf archers
  4 necromancers
  2 phantasmal warriors
  16 harpies
  2 lindwurms (Lair:6)
  A wolf spider (Vaults:2)
  25 orc knights
  78 deep elf magi
  3 orc sorcerers
  A worldbinder (Abyss:2)
  A cyclops (shapeshifter) (Vaults:5)
  A stone giant zombie (Vaults:4)
  12 fauns
  11 cyclopes
  A fire giant skeleton (Vaults:4)
  11 manticores
  21 ugly things
  Maurice (Orc:2)
  An ice statue (IceCv)
  9 water nymphs
  5 merfolk sirens
  A frost giant skeleton (Vaults:4)
  3 black mambas
  3 gargoyles
  5 torpor snails (Lair:6)
  A black mamba (shapeshifter) (Vaults:1)
  7 cane toads
  16 vault sentinels
  5 efreet
  A yaktaur (shapeshifter) (Vaults:1)
  A demonic crawler (D:14)
  A rime drake (Lair:4)
  19 freezing wraiths
  30 yaktaurs
  A komodo dragon (shapeshifter) (Abyss:2)
  5 komodo dragons
  2 ancient zymes (Abyss:2)
  8 trolls
  A troll (shapeshifter) (Vaults:5)
  2 tengu conjurers (D:15)
  A queen bee (D:9)
  3 tyrant leeches (Lair:6)
  A polar bear (shapeshifter) (Abyss:2)
  10 wind drakes
  9 hornets
  A red devil (Abyss:2)
  26 merfolk
  A hornet (shapeshifter) (Vaults:2)
  2 jumping spiders (Vaults:3)
  8 blink frogs
  11 hippogriffs
  2 dream sheep (shapeshifter) (Vaults:5)
  2 dream sheep (Shoals:4)
  7 slime creatures
  13 snapping turtles
  A hippogriff (shapeshifter) (Vaults:1)
  3 raiju (Abyss:2)
  3 shadows
  4 air elementals
  5 wraiths
  6 redbacks
  12 water elementals
  A yak (shapeshifter) (Vaults:2)
  32 yaks
  3 wyverns
  A neqoxec (D:14)
  3 basilisks
  2 fire elementals (Elf:2)
  Grum (D:9)
  A hog (shapeshifter) (Vaults:3)
  6 vampire mosquitoes
  A redback simulacrum (D:15)
  3 chaos spawn (D:14)
  2 death yak simulacra (IceCv)
  2 nagas (Lair:2)
  9 wargs
  11 two-headed ogre zombies (D:10)
  3 acid dragons
  11 small abominations
  14 water moccasins
  5 porcupines
  Duvessa (D:6)
  7 black bears
  7 large abominations
  9 ice beasts
  2 sky beasts
  54 orc warriors
  2 eyes of draining
  A necrophage (D:7)
  39 ogres
  4 boggarts (Vaults:3)
  13 centaurs
  12 wolves
  15 crocodiles
  4 big kobolds
  Blork the orc (D:6)
  12 bullfrogs
  3 gnoll sergeants (D:12)
  4 earth elementals
  Dowan (D:6)
  A wyvern skeleton (D:7)
  A scorpion (D:8)
  A human simulacrum (Vaults:2)
  39 killer bees
  A swamp dragon simulacrum (IceCv)
  14 wights
  2 electric eels (Lair:6)
  4 howler monkeys
  2 bullfrog zombies
  5 hounds
  10 jellies
  Crazy Yiuf (D:3)
  20 orc priests
  15 orc wizards
  5 centaur skeletons
  Jessica (D:2)
  Ijyb (D:3)
  An iguana (D:8)
  10 worker ants
  4 hell rats (Lair:4)
  4 spriggan simulacra (IceCv)
  3 troll simulacra (IceCv)
  A wolf simulacrum (IceCv)
  3 centaur simulacra (IceCv)
  A hound zombie (D:10)
  A hound skeleton (D:10)
  2 worker ant zombies
  A howler monkey zombie (D:7)
  9 gnolls
  7 naga simulacra (IceCv)
  3 ogre simulacra (IceCv)
  13 adders
  6 river rats (Lair:4)
  2 shadow imps
  19 white imps
  4 ufetubi
  2 oozes
  An adder zombie (D:5)
  2 adder skeletons
  2 worms (D:2)
  A dart slug (D:1)
  8 leopard geckos
  126 orcs
  11 bats
  3 giant cockroaches
  11 goblins
  3 hobgoblins
  10 jackals
  A kobold (shapeshifter) (Vaults:1)
  3 quokkas
  8 ball pythons
  6 frilled lizards
  A jackal zombie (D:8)
  33 kobolds
  9 rats
  A plant (Lair:6)
  4 tentacles (Shoals:4)
1674 creatures vanquished.

Vanquished Creatures (others)
  A tentacled monstrosity (Vaults:5)
  A deep elf annihilator (Vaults:5)
  An ettin (Vaults:5)
  A deep elf archer (Vaults:5)
  2 orc warriors (Orc:2)
  An ogre (Vaults:4)
  A boggart (Vaults:3)
  2 orcs
  19 fungi
  54 plants
  2 starspawn tentacles (Abyss:2)
  9 tentacles (Shoals:4)
94 creatures vanquished.

Grand Total: 1768 creatures vanquished

Notes
Turn   | Place    | Note
-------+----------+-------------------------------------------
     0 | D:1      | Asymodius the Minotaur Fighter began the quest for the Orb.
     0 | D:1      | Reached XP level 1. HP: 19/19 MP: 0/0
   189 | D:1      | Reached XP level 2. HP: 26/27 MP: 1/1
   271 | D:1      | Reached skill level 1 in Dodging
   465 | D:1      | Reached skill level 3 in Long Blades
  1088 | D:2      | Reached XP level 3. HP: 33/33 MP: 2/2
  1120 | D:2      | Found an opulent altar of Gozag.
  1121 | D:2      | Found a glowing silver altar of Zin.
  1192 | D:2      | Found a white marble altar of Elyvilon.
  1226 | D:2      | Noticed Jessica
  1235 | D:2      | Killed Jessica
  1395 | D:2      | Reached skill level 4 in Long Blades
  1395 | D:2      | Reached XP level 4. HP: 41/41 MP: 3/3
  2020 | D:3      | Reached XP level 5. HP: 47/47 MP: 4/4
  2053 | D:3      | Reached skill level 5 in Long Blades
  2068 | D:3      | Noticed Ijyb
  2078 | D:3      | Killed Ijyb
  2346 | D:3      | Found a runed translucent door.
  2347 | D:3      | Noticed Crazy Yiuf
  2354 | D:3      | Killed Crazy Yiuf
  2457 | D:4      | Reached skill level 6 in Long Blades
  2528 | D:4      | Noticed an ogre
  2537 | D:4      | Killed an ogre
  2537 | D:4      | Reached XP level 6. HP: 38/55 MP: 5/5
  2656 | D:4      | Found a staircase to the Ecumenical Temple.
  2666 | Temple   | Entered the Ecumenical Temple
  2775 | Temple   | Became a worshipper of Warmaster Okawaru
  2847 | D:4      | Reached skill level 5 in Fighting
  2950 | D:4      | Reached skill level 7 in Long Blades
  2980 | D:4      | Found Heomureth's General Store.
  2985 | D:4      | Bought a potion of flight for 30 gold pieces
  2985 | D:4      | Bought 2 potions of might for 80 gold pieces
  2985 | D:4      | Bought a potion of berserk rage for 50 gold pieces
  3381 | D:5      | Entered Level 5 of the Dungeon
  3390 | D:5      | Reached XP level 7. HP: 58/61 MP: 6/6
  3451 | D:5      | Found Dotuix's Gadget Boutique.
  3461 | D:5      | Found Mycw's Gadget Emporium.
  3506 | D:5      | Found a hazy altar of Hepliaklqana.
  3518 | D:5      | Found Esuihi Fuige's Assorted Antiques.
  3521 | D:5      | Bought a scroll labeled MUIHOZ VAPOT for 25 gold pieces
  3521 | D:5      | Bought a scroll labeled WEITWAAGAI for 25 gold pieces
  3701 | D:5      | Found Foahidd's Magic Scroll Boutique.
  3816 | D:5      | Found Fooscharph's Book Emporium.
  4066 | D:6      | Reached skill level 8 in Long Blades
  4069 | D:6      | Reached * piety under Okawaru
  4153 | D:6      | Noticed Blork the orc
  4158 | D:6      | Killed Blork the orc
  4158 | D:6      | Reached skill level 9 in Long Blades
  4270 | D:6      | Reached XP level 8. HP: 69/69 MP: 7/7
  4279 | D:6      | Found a bloodstained altar of Trog.
  4338 | D:6      | Noticed Dowan
  4339 | D:6      | Noticed Duvessa
  4347 | D:6      | Killed Duvessa
  4347 | D:6      | Reached ** piety under Okawaru
  4347 | D:6      | Reached skill level 10 in Long Blades
  4351 | D:6      | Killed Dowan
  5090 | D:7      | Reached skill level 11 in Long Blades
  5136 | D:7      | Found a shadowy altar of Dithmenos.
  5258 | D:7      | Found a snail-covered altar of Cheibriados.
  5641 | D:8      | Reached XP level 9. HP: 72/75 MP: 8/8
  5849 | D:8      | Reached *** piety under Okawaru
  5849 | D:8      | Reached skill level 5 in Dodging
  5857 | D:8      | Reached skill level 12 in Long Blades
  6136 | D:8      | Reached skill level 5 in Armour
  6148 | D:8      | Received a gift from Okawaru
  6315 | D:8      | Reached skill level 13 in Long Blades
  6443 | D:9      | Noticed a two-headed ogre
  6449 | D:9      | Killed a two-headed ogre
  6449 | D:9      | Reached **** piety under Okawaru
  6645 | D:9      | Reached XP level 10. HP: 86/86 MP: 9/9
  6659 | D:9      | Noticed a two-headed ogre
  6664 | D:9      | Killed a two-headed ogre
  6664 | D:9      | Reached skill level 14 in Long Blades
  6697 | D:9      | Found a flagged portal.
  6827 | D:9      | Reached ***** piety under Okawaru
  6884 | D:9      | Noticed Grum
  6891 | D:9      | Killed Grum
  6893 | D:9      | Reached skill level 15 in Long Blades
  6937 | D:9      | Gained mutation: You occasionally shout uncontrollably at
                  | your foes. [potion of mutation]
  6937 | D:9      | Gained mutation: You are frail. (-10% HP) [potion of
                  | mutation]
  6937 | D:9      | Gained mutation: You passively map a small area around you.
                  | [potion of mutation]
  6951 | D:9      | Received a gift from Okawaru
  6973 | D:9      | Noticed Erolcha
  6980 | D:9      | Killed Erolcha
  6980 | D:9      | Reached XP level 11. HP: 72/84 MP: 10/10
  7009 | D:9      | Got a pair of faintly glowing boots {god gift}
  7020 | D:9      | Identified the +1 pair of boots of the Doldrums {Regen+
                  | Str+2 Stlth+} (Okawaru gifted it to you on level 9 of the
                  | Dungeon)
  7138 | D:10     | Entered Level 10 of the Dungeon
  7160 | Bailey   | Entered a bailey
  7165 | Bailey   | Noticed an orc warlord
  7226 | Bailey   | Noticed an orc knight
  7235 | Bailey   | Killed an orc knight
  7255 | Bailey   | Found a runed translucent gate.
  7257 | Bailey   | Found a runed translucent gate.
  7259 | Bailey   | Found a runed translucent gate.
  7355 | Bailey   | Reached skill level 16 in Long Blades
  7367 | Bailey   | Killed an orc warlord
  7367 | Bailey   | Reached skill level 1 in Throwing
  7729 | D:5      | Bought a scroll of brand weapon for 280 gold pieces
  7772 | D:6      | Identified a scroll of acquirement
  7772 | D:6      | Acquired an uncursed amulet of regeneration
  8136 | D:10     | Reached skill level 1 in Evocations
  8306 | D:10     | Received a gift from Okawaru
  8309 | D:10     | Got a slimy double sword {god gift}
  8310 | D:10     | Identified the +3 double sword "Moabin" {holy, Int+4}
                  | (Okawaru gifted it to you on level 10 of the Dungeon)
  8436 | D:10     | Reached skill level 17 in Long Blades
  8956 | D:11     | Found a staircase to the Lair.
  9092 | D:11     | Reached XP level 12. HP: 93/93 MP: 10/12
  9443 | D:12     | Found a gate leading to a gauntlet.
  9550 | D:12     | Found a staircase to the Orcish Mines.
  9736 | D:12     | Noticed a two-headed ogre
  9739 | D:12     | Killed a two-headed ogre
  9739 | D:12     | Reached XP level 13. HP: 99/99 MP: 13/13
  9961 | D:12     | Reached skill level 18 in Long Blades
 10268 | D:12     | Got a brightly glowing short sword
 10269 | D:12     | Identified the +4 short sword of Fogucutt {flame, +Inv rC-
                  | MR++ Int+8} (You found it on level 12 of the Dungeon)
 10471 | D:13     | Noticed Rupert
 10471 | D:13     | Paralysed by Rupert for 4 turns
 10485 | D:13     | Killed Rupert
 10485 | D:13     | Reached ****** piety under Okawaru
 10485 | D:13     | Reached skill level 10 in Fighting
 10637 | D:13     | Found Zusov's Antique Weapon Boutique.
 10645 | D:13     | Received a gift from Okawaru
 11030 | D:14     | Noticed Agnes
 11040 | D:14     | Killed Agnes
 11040 | D:14     | Reached skill level 10 in Dodging
 11190 | D:14     | Reached skill level 19 in Long Blades
 11309 | D:14     | Got a pair of shimmering gloves
 11400 | D:14     | Identified the +0 pair of gloves of Vehumet's Generosity
                  | {*Contam rElec rF+ Int+4} (You found it on level 14 of the
                  | Dungeon)
 11420 | D:14     | Found a gate to the Vaults.
 11457 | D:14     | Found a runed translucent gate.
 11457 | D:14     | Found a runed translucent gate.
 11458 | D:14     | Found a runed translucent gate.
 11459 | D:14     | Noticed Totusom's ghost (journeyman MiFi)
 11460 | D:14     | Noticed Totusom's ghost (journeyman MiFi)
 11460 | D:14     | Noticed p0werm0de's ghost (journeyman NaFi)
 11460 | D:14     | Noticed p0werm0de's ghost (journeyman NaFi)
 11461 | D:14     | Noticed Asymodius's ghost (journeyman MiFi)
 11462 | D:14     | Found the +3 pair of gauntlets of War {Slay+5}
 11488 | D:14     | Killed Totusom's ghost
 11494 | D:14     | Killed p0werm0de's ghost
 11497 | D:14     | Killed Totusom's ghost
 11505 | D:14     | Killed p0werm0de's ghost
 11511 | D:14     | Killed Asymodius's ghost
 11556 | D:14     | Gained mutation: You are weak. (Str -2) [mutagenic glow]
 11629 | D:14     | Reached XP level 14. HP: 109/109 MP: 15/15
 11725 | D:14     | Received a gift from Okawaru
 11759 | D:14     | Found a runed translucent door.
 11915 | D:14     | Noticed a tentacled monstrosity
 11925 | D:14     | Killed a tentacled monstrosity
 11925 | D:14     | Received a gift from Okawaru
 11925 | D:14     | Reached skill level 20 in Long Blades
 12080 | D:14     | Noticed an entropy weaver
 12086 | D:14     | Killed an entropy weaver
 12129 | D:15     | Entered Level 15 of the Dungeon
 12386 | D:15     | Found Soamp's Assorted Antiques.
 12394 | D:15     | Bought a slimy iron ring for 190 gold pieces
 12394 | D:15     | Bought a scroll labeled LIERUOCIDIMP for 38 gold pieces
 12412 | D:15     | Identified the ring of Oxaypp {Ice *Contam Str+2 Int+5}
                  | (You bought it in a shop on level 15 of the Dungeon)
 12808 | D:15     | Reached skill level 10 in Armour
 13013 | D:15     | Found a staircase to the Depths.
 13378 | Lair:1   | Entered Level 1 of the Lair of Beasts
 13520 | Lair:1   | You fall into a shaft and drop 1 floor!
 13525 | Lair:2   | Received a gift from Okawaru
 13529 | Lair:2   | Found a staircase to the Snake Pit.
 14023 | Lair:2   | Noticed Sonja
 14034 | Lair:2   | Killed Sonja
 14034 | Lair:2   | Received a gift from Okawaru
 14349 | Lair:3   | Noticed Gastronok
 14363 | Lair:3   | Killed Gastronok
 14486 | Lair:3   | Found a staircase to the Shoals.
 14856 | Lair:4   | Noticed Nessos
 14861 | Lair:4   | Killed Nessos
 14861 | Lair:4   | Reached XP level 15. HP: 114/120 MP: 16/16
 15782 | Lair:5   | Reached skill level 21 in Long Blades
 16478 | Lair:6   | Entered Level 6 of the Lair of Beasts
 16561 | Lair:6   | Received a gift from Okawaru
 16565 | Lair:6   | Got a jewelled tower shield {god gift}
 16566 | Lair:6   | Identified the +1 tower shield of Indomitability {+Blink}
                  | (Okawaru gifted it to you on level 6 of the Lair of Beasts)
 16780 | Lair:6   | Found a staircase to the Slime Pits.
 17027 | Lair:6   | Found a runed translucent door.
 17601 | Slime:1  | Entered Level 1 of the Pits of Slime
 17601 | Slime:1  | Noticed an azure jelly
 17605 | Slime:1  | Killed an azure jelly
 17631 | Slime:1  | Noticed an azure jelly
 17657 | Slime:1  | Killed an azure jelly
 17798 | Shoals:1 | Entered Level 1 of the Shoals
 18462 | Shoals:1 | Received a gift from Okawaru
 18772 | Shoals:2 | Received a gift from Okawaru
 18916 | Shoals:2 | Noticed Aizul
 18928 | Shoals:2 | Killed Aizul
 18928 | Shoals:2 | Reached skill level 5 in Throwing
 19031 | Shoals:2 | Found Xepebeit's Distillery.
 19055 | Shoals:2 | Bought 2 potions of mutation for 208 gold pieces
 19055 | Shoals:2 | Bought 2 potions of heal wounds for 130 gold pieces
 19055 | Shoals:2 | Lost mutation: You occasionally shout uncontrollably at
                  | your foes. [potion of mutation]
 19055 | Shoals:2 | Lost mutation: You passively map a small area around you.
                  | [potion of mutation]
 19055 | Shoals:2 | Lost mutation: You are frail. (-10% HP) [potion of
                  | mutation]
 19055 | Shoals:2 | Lost mutation: You are weak. (Str -2) [potion of mutation]
 19055 | Shoals:2 | Gained mutation: You are robust. (+10% HP) [potion of
                  | mutation]
 19055 | Shoals:2 | Gained mutation: You are partially covered in icy blue
                  | scales. (AC +2) [potion of mutation]
 19055 | Shoals:2 | Gained mutation: Your flesh is heat resistant. (rF+)
                  | [potion of mutation]
 19055 | Shoals:2 | Gained mutation: You are somewhat resistant to further
                  | mutation. [potion of mutation]
 19105 | Shoals:2 | Received a gift from Okawaru
 19171 | Shoals:2 | Reached XP level 16. HP: 153/161 MP: 17/17
 19621 | Shoals:3 | Received a gift from Okawaru
 20018 | Shoals:4 | Entered Level 4 of the Shoals
 20101 | Shoals:4 | Reached skill level 15 in Fighting
 20161 | Shoals:4 | Reached skill level 22 in Long Blades
 20564 | Shoals:4 | Noticed a kraken
 20588 | Shoals:4 | Killed a kraken
 20681 | Shoals:4 | Received a gift from Okawaru
 20997 | Shoals:4 | Got a barnacled rune of Zot
 21070 | Shoals:4 | Got a bloodstained ring mail
 21071 | Shoals:4 | Identified the +1 ring mail of Resonance {rCorr Int-3
                  | Slay+3} (You found it on level 4 of the Shoals)
 21764 | Vaults:1 | Entered Level 1 of the Vaults
 21795 | Vaults:1 | Reached XP level 17. HP: 140/173 MP: 18/18
 21825 | Vaults:1 | Reached skill level 1 in Stealth
 22023 | Vaults:1 | Found Kialau's Weapon Shoppe.
 22207 | Vaults:1 | Found Riuniutz's Gadget Shoppe.
 22216 | Vaults:1 | Received a gift from Okawaru
 22475 | Vaults:1 | Received a gift from Okawaru
 22955 | Vaults:1 | Received a gift from Okawaru
 22986 | Vaults:1 | Received a gift from Okawaru
 22991 | Vaults:1 | Got a buzzing great sword {god gift}
 22992 | Vaults:1 | Identified the +5 great sword of the Hungering Augurer
                  | {drain, rElec} (Okawaru gifted it to you on level 1 of the
                  | Vaults)
 23011 | Vaults:1 | Noticed a lich
 23012 | Vaults:1 | Noticed a lich
 23013 | Vaults:1 | Killed a lich
 23016 | Vaults:1 | Killed a lich
 23045 | Vaults:1 | Reached skill level 23 in Long Blades
 23052 | Vaults:1 | Reached skill level 15 in Armour
 23052 | Vaults:1 | Reached XP level 18. HP: 113/185 MP: 17/19
 23261 | Vaults:1 | Received a gift from Okawaru
 23275 | Vaults:1 | Got a steaming falchion {god gift}
 23276 | Vaults:1 | Identified the +11 falchion of the Middle {vorpal, rC+
                  | Dex+3} (Okawaru gifted it to you on level 1 of the Vaults)
 23508 | Vaults:2 | Acquired the amulet of Salvation {Faith rPois}
 23814 | Vaults:2 | Reached skill level 15 in Dodging
 23817 | Vaults:2 | Received a gift from Okawaru
 24722 | Vaults:2 | Received a gift from Okawaru
 24787 | Vaults:2 | Received a gift from Okawaru
 24931 | Vaults:3 | Received a gift from Okawaru
 25009 | Vaults:3 | Found Qeun's Weapon Shoppe.
 25163 | Vaults:3 | Noticed Margery
 25195 | Vaults:3 | Killed Margery
 25195 | Vaults:3 | Received a gift from Okawaru
 25250 | Vaults:3 | Reached XP level 19. HP: 155/196 MP: 12/21
 25358 | Vaults:3 | Found a flickering gateway to a bazaar.
 25367 | Bazaar   | Entered a bazaar
 25368 | Bazaar   | Found Kian's Distillery.
 25368 | Bazaar   | Found Boropav's Assorted Antiques.
 25369 | Bazaar   | Found Gaut's Antique Weapon Boutique.
 25397 | Bazaar   | Bought a potion of heal wounds for 55 gold pieces
 25397 | Bazaar   | Bought a potion of might for 44 gold pieces
 25400 | Bazaar   | Found Fiddal's Book Shop.
 25419 | Bazaar   | Bought a scratched golden ring for 150 gold pieces
 25419 | Bazaar   | Bought a scroll of enchant weapon for 225 gold pieces
 25419 | Bazaar   | Bought a potion of haste for 300 gold pieces
 25555 | Vaults:3 | Found Yrutera's Weapon Shop.
 25659 | Vaults:3 | Found a staircase to the Crypt.
 26576 | Vaults:4 | Noticed Mara
 26586 | Vaults:4 | Killed Mara
 26586 | Vaults:4 | Received a gift from Okawaru
 26595 | Vaults:4 | Got an iridescent triple sword {god gift}
 26597 | Vaults:4 | Identified the +3 triple sword of Light {spect, rElec rC+}
                  | (Okawaru gifted it to you on level 4 of the Vaults)
 26609 | Vaults:4 | Found Xotsie's Gadget Shop.
 26656 | Vaults:4 | Reached skill level 24 in Long Blades
 26720 | Vaults:4 | Identified the Guide on Icy Summoning
 26725 | Vaults:4 | Noticed Boris
 26738 | Vaults:4 | Killed Boris
 26868 | Vaults:4 | Found an ancient bone altar of Kikubaaqudgha.
 26892 | Vaults:4 | Noticed Sojobo
 26905 | Vaults:4 | Received a gift from Okawaru
 26924 | Vaults:4 | Killed Sojobo
 26924 | Vaults:4 | Received a gift from Okawaru
 26930 | Vaults:4 | Reached skill level 5 in Invocations
 26942 | Vaults:4 | Got a smoking scale mail {god gift}
 26943 | Vaults:4 | Identified the +0 scale mail "Gomezuat" {MR+} (Okawaru
                  | gifted it to you on level 4 of the Vaults)
 27629 | Vaults:4 | Reached XP level 20. HP: 190/210 MP: 20/22
 27630 | Vaults:4 | Paralysed by an ogre mage for 4 turns
 27635 | Vaults:4 | Reached skill level 5 in Stealth
 27796 | Vaults:4 | Received a gift from Okawaru
 27840 | Vaults:4 | Received a gift from Okawaru
 27845 | Vaults:4 | Identified a +0 pair of boots of running (Okawaru gifted it
                  | to you on level 4 of the Vaults)
 27988 | Vaults:4 | Found the +11 plutonium sword {*Contam Stlth-}
 28296 | Vaults:5 | Entered Level 5 of the Vaults
 28359 | Vaults:5 | Cast into level 2 of the Abyss (a deep elf sorcerer)
 28359 | Abyss:2  | Found a corrupted altar of Lugonu.
 28627 | Abyss:2  | Found a corrupted altar of Lugonu.
 28689 | Vaults:5 | Escaped the Abyss
 28723 | Vaults:5 | Received a gift from Okawaru
 28788 | Vaults:5 | Received a gift from Okawaru
 28818 | Vaults:5 | Reached skill level 25 in Long Blades
 28891 | Vaults:5 | Noticed Frederick
 28899 | Vaults:5 | Killed Frederick
 28899 | Vaults:5 | Reached XP level 21. HP: 103/222 MP: 20/24
 28957 | Vaults:5 | Noticed an ancient lich
 28976 | Vaults:5 | Killed an ancient lich
 29174 | Vaults:5 | Received a gift from Okawaru
 29711 | Vaults:5 | Identified the amulet "Geheshan" {Faith rF++}
 30018 | Vaults:5 | Identified the +9 hand axe "Gip Lys" {vamp, +Blink rC+ MR-
                  | Str+7}
 30018 | Vaults:5 | Identified the ring of Vow Zug {rElec MR+ Slay+2 Stlth+}
 30042 | Vaults:5 | Noticed Bai Suzhen
 30052 | Vaults:5 | Identified the +1 leather armour "Ceguuchy" {Int+4}
 30071 | Vaults:5 | Killed Bai Suzhen
 30071 | Vaults:5 | Received a gift from Okawaru
 30144 | Vaults:5 | Got a fine plate armour {god gift}
 30145 | Vaults:5 | Identified the +10 plate armour of the Catamount {+Fly
                  | rPois Dex+7} (Okawaru gifted it to you on level 5 of the
                  | Vaults)
 30382 | Vaults:5 | Identified the Disquisition on Snow
 30386 | Vaults:5 | Identified the Catalogue of Excruciating Snow
 30388 | Vaults:5 | Identified the Collected Works on Attacks
 30404 | Vaults:5 | Got a dazzling plate armour
 30405 | Vaults:5 | Identified the cursed +1 plate armour of the Land of Plenty
                  | {rCorr Dex+4} (You found it on level 5 of the Vaults)
 30695 | Vaults:5 | Got a silver rune of Zot
 31059 | Orc:1    | Entered Level 1 of the Orcish Mines
 31386 | Orc:1    | Found a frozen archway.
 31444 | IceCv    | Entered an ice cave
 31572 | IceCv    | Found an ancient bone altar of Kikubaaqudgha.
 31898 | Orc:1    | Reached XP level 22. HP: 214/234 MP: 26/26
 31993 | Orc:2    | Entered Level 2 of the Orcish Mines
 32050 | Orc:2    | Noticed Maurice
 32053 | Orc:2    | Noticed Urug
 32055 | Orc:2    | Killed Maurice
 32067 | Orc:2    | Killed Urug
 32076 | Orc:2    | Found a staircase to the Elven Halls.
 32236 | Orc:2    | Found Myhamuhe's Jewellery Emporium.
 32241 | Orc:2    | Found Yblucvo's Weapon Shop.
 32283 | Orc:2    | Bought an uncursed ring of resist corrosion for 300 gold
                  | pieces
 32303 | Orc:2    | Found a roughly hewn altar of Beogh.
 32320 | Orc:2    | Found Dayqonuy's Distillery.
 32346 | Orc:2    | Bought 2 potions of flight for 72 gold pieces
 32346 | Orc:2    | Bought a potion of resistance for 120 gold pieces
 32346 | Orc:2    | Bought a potion of haste for 120 gold pieces
 32351 | Orc:2    | Found Bixt's Jewellery Emporium.
 32375 | Orc:2    | Received a gift from Okawaru
 32528 | Orc:2    | Found Cethromi's Assorted Antiques.
 32553 | Orc:2    | Bought an onyx ring for 130 gold pieces
 32553 | Orc:2    | Bought a potion of haste for 260 gold pieces
 32888 | Elf:1    | Entered Level 1 of the Elven Halls
 33840 | Elf:2    | Reached skill level 26 in Long Blades
 33861 | Elf:2    | Received a gift from Okawaru
 34166 | Elf:2    | Received a gift from Okawaru
 34239 | Elf:2    | Found a runed translucent door.
 34307 | Elf:2    | Found a runed translucent door.
 34367 | Elf:2    | Found Siudurabb's Weapon Shop.
 34941 | Elf:3    | Entered Level 3 of the Elven Halls
 35234 | Elf:3    | Received a gift from Okawaru
 35310 | Elf:3    | Received a gift from Okawaru
 35333 | Elf:3    | Killed from afar by a deep elf annihilator

Illustrated notes

Levels and vault maps discovered:
D:1:      eino_arrival_cavern_d, layout_basic, serial_park_tiny_pond,
          chequers_serial_rivers_room_b, chequers_arboretum,
          kennysheep_another_room
D:2:      layout_rooms, grunt_temple_overflow_gold_and_silver, elyvilon_altar_5,
          uniq_jessica
D:3:      layout_loops_ring, minmay_snake_closets, uniq_crazy_yiuf_cottage,
          uniq_ijyb
D:4:      layout_loops_ring, temple_fountains, serial_shops,
          kennysheep_little_box, lemuel_old_faithful
D:5:      layout_loops_ring, lemuel_crystal_altar, serial_shops, shop,
          nicolae_shop_stone, nicolae_shop_statue_plus,
          nicolae_shop_statue_plus, shop, minmay_misc_feat_ornament
D:6:      layout_basic, trog_ov_bears_minmay, uniq_blork_the_orc, uniq_duvessa
D:7:      layout_basic, overflow_temple_1_default, basic_altar
D:8:      layout_basic
D:9:      layout_roguey [special_room_bee], enter_bailey_3, uniq_grum,
          uniq_erolcha
D:10:     lemuel_ogre_cave, layout_stronghold
D:11:     layout_irregular_city, lair_entry_dummy, kennysheep_flooded_box
D:12:     layout_rooms, kennysheep_orc_monster_closet_entryway,
          gauntlet_entry_generic, minmay_fractal_squares_gapless_7
D:13:     layout_layer_cave, serial_shops, nicolae_shop_crystal, abandoned_shop,
          uniq_rupert
D:14:     cheibrodos_body_horror, layout_rooms, david_vaults_4,
          gammafunk_ghost_cemetery, chequers_serial_rivers_micro_b, uniq_agnes
D:15:     grunt_enter_depths_hoard, layout_basic, serial_shops,
          nicolae_shop_trees, grunt_decor_clamped, drop_trap
Temple:   eino_temple_rhombus
Lair:1:   layout_long_grid, gammafunk_ghost_hive, lemuel_fruit_fields
Lair:2:   beast_lair_carwin_large_3, layout_concentric_octagons,
          minmay_snake_entry_guardpost_small, uniq_sonja
Lair:3:   layout_hall_layers, shoals_dummy_entry, uniq_gastronok
Lair:4:   layout_gridlike, kennysheep_abandoned_house, grunt_megastairs_3,
          uniq_nessos
Lair:5:   layout_small_grid, grunt_megastairs_4
Lair:6:   wormcave, layout_gridlike, nicolae_slime_entry_slimehenge,
          serial_forest, infiniplex_forest_side_room,
          infiniplex_forest_clump_tiny, infiniplex_forest_lined_3,
          infiniplex_forest_clump_long, infiniplex_forest_lined_3_way,
          infiniplex_forest_straight_2, infiniplex_forest_end_2,
          infiniplex_forest_lined_2, lemuel_fruit_tree
Shoals:1: layout_shoals
Shoals:2: layout_shoals, serial_shops, nicolae_shop_crystal, uniq_aizul
Shoals:3: layout_shoals
Shoals:4: shoals_end_grunt_ice, layout_shoals
Slime:1:  layout_caves, cheibrodos_slime_lost_civilization_5
Orc:1:    cheibrodos_orc_arena, layout_diamond_mine,
          portal_ice_cave_entry_pillars_1
Orc:2:    st_orc_town, layout_diamond_mine, serial_shops, shop,
          elves_outpost_lemuel, uniq_urug, uniq_maurice
Elf:1:    eino_elf_arrival_shootout, layout_onion_city,
          kennysheep_underground_church, st_stairs_12
Elf:2:    layout_geoelf_diagonals, serial_shops, shop
Elf:3:    minmay_elf_hall_hex, layout_geoelf_octagon
Vaults:1: st_greater_box_3, hangedman_vaults_stream,
          nicolae_vaults_hallways_thing, ontoclasm_vaults_loading_screen,
          v_pattern_4, grunt_vaults_swirl, vaults_room_door_ring,
          dpeg_vaults_monster_box, vaults_standard_mumra_x,
          vaults_room_door_hall, layout_vaults_omnicross, serial_shops, shop
Vaults:2: vaults_room_large_hall, v_rooms_5, dpeg_vaults_waves, v_alt_pattern_4,
          nicolae_vaults_yaktaur_gun_rack, hangedman_vaults_trim,
          layout_vaults_omnigrid
Vaults:3: minmay_crypt_entry_simple_round, v_rooms_1, grunt_vaults_hallway_long,
          nicolae_vaults_circle_grid_a, vaults_dpeg_cross, vaults_dpeg_ring,
          nicolae_vaults_windows_and_doors_thing, nicolae_vaults_specimen_jars,
          layout_vaults_chaotic_city, serial_shops, bzr_in_the_mist, shop, shop,
          uniq_margery
Vaults:4: grunt_vaults_twisty, v_misc_9, v_misc_2, nicolae_vaults_arrows,
          v_misc_24, nicolae_vaults_little_squares_6, vaults_dpeg_diagonal,
          layout_vaults_omnibox, basic_altar, serial_shops, shop, uniq_sojobo,
          uniq_mara, uniq_boris
Vaults:5: serial_shops, uniq_bai_suzhen, uniq_frederick

Skill      XL: |  1  2  3  4  5  6  7  8  9 10 11 12 13 14 15 16 17 18 19 20 21 22 |
---------------+-------------------------------------------------------------------+-----
Fighting       | 4 5 6 7 8 9 10 12 14 15 17 18 19 20 21 22 | 22.5
Dodging        | 1 2 3 4 5 7 9 10 11 12 13 14 15 16 17 18 | 18.6
Long Blades    | 3 4 6 7 9 11 13 15 17 19 20 21 22 23 24 25 26 | 26.4
Armour         | 4 5 6 7 8 9 11 12 13 15 16 17 18 19 | 19.4
Throwing       | 4 5 6 |  6.8
Evocations     | 2 3 |  3.0
Invocations    | 2 3 4 5 6 7 |  7.3
Stealth        | 2 4 5 |  5.9
Shields        | |  3.6

Action                   |  1- 3 |  4- 6 |  7- 9 | 10-12 | 13-15 | 16-18 | 19-21 | 22-24 || total
-------------------------+-------+-------+-------+-------+-------+-------+-------+-------++-------
Melee: Long sword        |    75 |   140 |    40 |       |       |       |       |       ||   255
       Headbutt          |    13 |    25 |    28 |    69 |   219 |   280 |   419 |   165 ||  1218
       Great sword       |       |       |   164 |   254 |   712 |   830 |   405 |       ||  2365
       Triple sword      |       |       |       |       |       |       |   650 |   486 ||  1136
Throw: Boomerang         |       |       |     3 |    17 |    34 |    46 |       |       ||   100
       Javelin           |       |       |       |       |     9 |     2 |       |       ||    11
       Dart              |       |       |       |       |     2 |       |       |       ||     2
Invok: Heroism           |       |       |       |     2 |     4 |    12 |    24 |     4 ||    46
       Finesse           |       |       |       |       |     1 |     6 |    11 |     3 ||    21
Evoke: Wand              |       |       |       |     7 |       |     3 |       |       ||    10
       Lightning rod     |       |       |       |     4 |     1 |     1 |     1 |       ||     7
  Use: Scroll            |       |     6 |     9 |    10 |     8 |    18 |    11 |     3 ||    65
       Potion            |       |       |       |    12 |     7 |    10 |    15 |     8 ||    52
 Stab: Paralysed         |       |       |       |       |     1 |       |       |       ||     1
       Sleeping          |       |       |       |       |       |    14 |     2 |       ||    16
       Distracted        |       |       |       |       |       |     2 |     1 |       ||     3
       Invisible         |       |       |       |       |       |       |    13 |       ||    13
Armor: Scale mail        |    14 |    21 |       |       |       |       |       |       ||    35
       Plate armour      |       |    21 |   130 |   130 |    81 |       |    24 |   145 ||   531
       Leather armour    |       |     6 |       |       |       |       |       |       ||     6
       Chain mail        |       |       |       |       |   178 |    21 |       |       ||   199
       Shadow dragon sca |       |       |       |       |       |   311 |   292 |       ||   603
Dodge: Dodged            |    30 |    58 |   130 |   213 |   574 |   859 |  1112 |   323 ||  3299
       Repelled          |       |       |       |       |    14 |     9 |    13 |    10 ||    46
Block: Kite shield       |    38 |    64 |    18 |       |       |       |       |       ||   120
       Rpst.: Long sword |     2 |    14 |     3 |       |       |       |       |       ||    19
       Great sword       |       |       |    18 |    47 |   118 |   127 |    69 |       ||   379
       Triple sword      |       |       |       |       |       |       |   125 |    73 ||   198

Table legend: (Time is in decaauts)
 A = Elapsed time spent in this place.
 B = Non-inter-level travel time spent in this place.
 C = Inter-level travel time spent in this place.
 D = Time resting spent in this place.
 E = Time spent auto-exploring this place.
 F = Levels seen in this place.
 G = Mean time per level.
                   A        B        C        D        E       F      G
               +--------+--------+--------+--------+--------+-----+--------+
         Total |  34476 |  32335 |   2141 |   1028 |  20322 |  41 |  840.9 |
       Dungeon |  13291 |  12140 |   1151 |    303 |   8456 |  15 |  886.1 |
        Temple |    119 |     98 |     21 |      0 |     97 |   1 |  119.0 |
          Lair |   4329 |   4049 |    280 |      3 |   3037 |   6 |  721.5 |
        Shoals |   3990 |   3825 |    165 |    418 |   1914 |   4 |  997.5 |
    Slime Pits |     63 |     57 |      6 |      0 |     13 |   1 |   63.0 |
  Orcish Mines |   1344 |   1301 |     43 |      0 |    792 |   2 |  672.0 |
   Elven Halls |   2299 |   2207 |     92 |      0 |   1600 |   3 |  766.3 |
        Vaults |   7977 |   7598 |    379 |    203 |   4228 |   5 | 1595.4 |
         Abyss |    305 |    305 |      0 |    100 |      6 |   1 |  305.0 |
        Bazaar |    122 |    122 |      0 |      0 |     27 |   1 |  122.0 |
        Bailey |    241 |    241 |      0 |      0 |     10 |   1 |  241.0 |
      Ice Cave |    390 |    390 |      0 |      0 |    141 |   1 |  390.0 |
               +--------+--------+--------+--------+--------+-----+--------+

Top non-repeatable levels by time:
Vaults:5: 1867 daAuts
Vaults:4: 1643 daAuts
Vaults:1: 1633 daAuts
Shoals:4: 1601 daAuts
Vaults:3: 1465 daAuts
Vaults:2: 1368 daAuts
    D:14: 1155 daAuts
  Lair:6: 1132 daAuts
    D:15: 1130 daAuts
   Elf:2: 1050 daAuts
     D:1: 1014 daAuts
     D:6: 1007 daAuts
     D:9: 980 daAuts
Shoals:1: 943 daAuts
    D:12: 916 daAuts
